 Dungeon Crawl Stone Soup version 0.28-a0-1629-gf728b707aa (webtiles) character file.

Game seed: 13078413965662556373

2429 oldriver the Covert (level 9, -5/81 HPs)
             Began as a Naga Venom Mage on Jan 24, 2022.
             Was an Initiate of Gozag.
             Slain by a slime creature (12 damage)
             ... on level 7 of the Dungeon.
             The game lasted 00:14:05 (10596 turns).

oldriver the Covert (Naga Venom Mage)              Turns: 10596, Time: 00:14:06

Health: -5/81      AC:  5    Str: 20    XL:     9   Next: 48%
Magic:  17/17      EV: 10    Int: 23    God:    Gozag
Gold:   824        SH:  0    Dex: 11    Spells: 7/18 levels left

rFire   . . .      SeeInvis +   x - +2 flail (holy)
rCold   . . .      Faith    .   (no shield)
rNeg    . . .      Spirit   .   a - +0 robe
rPois   +          Reflect  .   (no helmet)
rElec   .          Harm     .   (no cloak)
rCorr   .          Rampage  .   g - +0 pair of gloves
Will    ++...                   (no barding)
Stlth   ++++......              c - amulet of Qixeud {RegenMP Will+ Str+2 Int+4}
HPRegen 0.23/turn               e - +6 ring of strength
MPRegen 0.55/turn               (no ring)

@: very slow
A: AC +3, large, see invisible, deformed body, poison resistance, slowness 2,
spit poison 1, naga tail 1
a: Spit Poison, Renounce Religion, Potion Petition, Call Merchant, Bribe Branch


You were on level 7 of the Dungeon.
You worshipped Gozag.
Gozag was pleased with you.
You visited 2 branches of the dungeon, and saw 8 of its levels.

You collected 926 gold pieces.
You paid 102 gold pieces to Gozag.

Inventory:

Hand Weapons
 r - a +0 whip of flaming
 x - a +2 flail of holy wrath (weapon)
Missiles
 B - 5 javelins
Armour
 a - a +0 robe (worn)
 g - a +0 pair of gloves (worn)
 z - a +0 scale mail of cold resistance
Magical Staves
 n - a staff of death
Jewellery
 c - the amulet of Qixeud (around neck) {RegenMP Will+ Str+2 Int+4}
   (You acquired it on level 5 of the Dungeon)

   [amulet of magic regeneration]

   It increases your rate of magic regeneration.
   Str:       It affects your strength (+2).
   Int:       It affects your intelligence (+4).
   Will:      It increases your willpower.
 e - a +6 ring of strength (left hand)
 C - a +6 ring of strength
Wands
 o - a wand of paralysis (11)
 q - a wand of polymorph (6)
Scrolls
 d - a scroll of fear {unknown}
 f - a scroll of identify
 h - a scroll of fog
 k - a scroll of enchant weapon {unknown}
 p - 3 scrolls of teleportation {unknown}
 u - a scroll of vulnerability {unknown}
 v - 3 scrolls of brand weapon {unknown}
 y - a scroll of amnesia {unknown}
 A - a scroll of silence {unknown}
Potions
 b - a potion of degeneration
 i - a potion of magic
 j - a potion of curing
 l - a potion of brilliance {unknown}
 m - a potion of berserk rage {unknown}
 s - a potion of mutation {unknown}
 t - 3 potions of heal wounds
 w - a potion of lignification


   Skills:
 + Level 5.4 Fighting
 - Level 4.0 Dodging
 + Level 9.1 Stealth
 + Level 5.4 Spellcasting
 - Level 2.0 Conjurations
 - Level 1.0 Transmutations
 - Level 2.0 Fire Magic
 + Level 8.4 Poison Magic


You had 7 spell levels left.
You knew the following spells:

 Your Spells              Type           Power      Damage    Failure   Level
a - Foxfire               Conj/Fire      60%        2x1d7     4%          1
b - Poisonous Vapours     Pois/Air       50%        N/A       2%          2
c - Mephitic Cloud        Conj/Pois/Air  22%        N/A       7%          3
d - Sting                 Tmut/Pois      100%       1d8       1%          1
o - Olgreb's Toxic Radia  Pois           44%        N/A       2%          4

Your spell library contained the following spells:

 Spells                   Type           Power      Damage    Failure   Level
 Conjure Flame            Conj/Fire      15%        6-21      12%         3
 Dazzling Flash           Conj/Hex       20%        N/A       19%         3
 Inner Flame              Hex/Fire       10%        N/A       19%         3
 Flame Wave               Conj/Fire      15%        2d6       36%         4
 Iskenderun's Mystic Bla  Conj/Tloc      10%        2d4       52%         4
 Starburst                Conj/Fire      7%         6d4       99%         6


Dungeon Overview and Level Annotations

Branches:
Dungeon (7/15)             Temple (1/1) D:4

Altars:
Ashenzari
Cheibriados
Dithmenos
Elyvilon
Gozag
Hepliaklqana
Makhleb
Nemelex Xobeh
Qazlal
Ru
Sif Muna
Trog
Uskayaw
Xom
Yredelemnul
Zin

Annotations:
D:5 1 runed translucent door, Crazy Yiuf


Innate Abilities, Weirdness & Mutations

Your serpentine skin is tough. (AC +3)
You have supernaturally acute eyesight. (SInv)
Armour fits poorly on your strangely shaped body.
Your system is resistant to poisons. (rPois)
You cover ground very slowly.
You can spit poison.
You have a snake-like lower body.


Message History

The slime creature is lightly wounded.
The slime creature hits you!
The sting hits the slime creature.
The slime creature partially resists.
The slime creature looks even sicker.
The slime creature is lightly wounded.
The slime creature hits you.
The sting hits the slime creature.
The slime creature partially resists.
The slime creature looks as sick as possible!
The slime creature is lightly wounded.
The slime creature hits you but does no damage.
The sting hits the slime creature.
The slime creature partially resists.
The slime creature looks as sick as possible!
The slime creature is moderately wounded.
The slime creature hits you.
The sting hits the slime creature.
The slime creature partially resists.
The slime creature is moderately wounded.
The slime creature hits you but does no damage.
You hit the slime creature.
The slime creature is moderately wounded.
The slime creature hits you!
You sock the slime creature!
The slime creature is severely wounded.
The slime creature barely misses you. The slime creature hits you!
You barely miss the slime creature.
The slime creature is severely wounded.
The slime creature hits you!
You sock the slime creature!
The slime creature is almost dead.
The slime creature hits you!
* * * LOW HITPOINT WARNING * * *
Casting: Sting (safe; 1% risk of failure)
Confirm with . or Enter, or press ? or * to list all spells.
You conjure some foxfire!
The slime creature hits you.
* * * LOW HITPOINT WARNING * * *
Unknown command.
Unknown command.
Your foxfire dissipates!
The slime creature hits you!
You die...
Your body crumbles into a pile of gold.

##.)...##
#.......#
#.......#
#.......#
#.......#
####....#
##.)'....#
#.########
##@J....##
#######'#
.P..÷...÷#
...J.P..÷#
JPJPJ....#
÷.J..÷.P.#
$
.P÷P.P...#
!.J...J÷.#
##########
$


You could see a slime creature (very poisoned).

Vanquished Creatures
  Pikel (D:5)
  Eustachio (D:5)
  A black bear (D:4)
  An orc warrior (D:6)
  A sky beast (D:6)
  An ogre (D:5)
  A necrophage (D:5)
  3 kobold brigands (D:7)
  A lemure (D:5)
  A scorpion (D:6)
  A wyvern skeleton (D:6)
  A water moccasin skeleton (D:6)
  A bullfrog zombie (D:5)
  A hound (D:5)
  A centaur skeleton (D:3)
  A gnoll shaman (D:5)
  2 jellies
  3 orc priests
  A bullfrog skeleton (D:6)
  6 iguanas
  7 orc wizards
  A killer bee zombie (D:7)
  A hound skeleton (D:4)
  13 adders
  10 gnolls
  An ufetubus (D:5)
  3 worms
  6 dart slugs
  20 orcs
  5 bats
  9 endoplasms
  6 giant cockroaches
  9 goblins
  5 hobgoblins
  3 jackals (D:2)
  10 kobolds
  6 quokkas
  11 ball pythons
  4 frilled lizards
  7 rats
167 creatures vanquished.

Vanquished Creatures (others)
  63 foxfires
  10 toadstools (D:7)
73 creatures vanquished.

Grand Total: 240 creatures vanquished

Notes
Turn   | Place    | Note
-------+----------+-------------------------------------------
     0 | D:1      | oldriver the Naga Venom Mage began the quest for the Orb.
     0 | D:1      | Reached XP level 1. HP: 15/15 MP: 3/3
   275 | D:1      | Reached XP level 2. HP: 13/24 MP: 1/5
  1162 | D:2      | Reached XP level 3. HP: 29/30 MP: 1/6
  1165 | D:2      | Learned a level 2 spell: Poisonous Vapours
  1271 | D:2      | Found a shimmering altar of Xom.
  1278 | D:2      | Reached skill level 1 in Fighting
  1510 | D:2      | Found a faded altar of an unknown god.
  2376 | D:2      | Reached skill level 4 in Stealth
  2468 | D:2      | Reached XP level 4. HP: 38/38 MP: 5/7
  3449 | D:3      | Reached XP level 5. HP: 44/45 MP: 4/9
  3680 | D:3      | Reached skill level 5 in Poison Magic
  3759 | D:3      | You fall into a shaft and drop 2 floors!
  3759 | D:5      | Entered Level 5 of the Dungeon
  3759 | D:5      | Noticed a necrophage
  3765 | D:5      | Identified a scroll of acquirement
  3765 | D:5      | Acquired the amulet of Qixeud {RegenMP Will+ Str+2 Int+4}
  3776 | D:5      | Killed a necrophage
  3777 | D:5      | Reached skill level 5 in Stealth
  3777 | D:5      | Reached XP level 6. HP: 52/52 MP: 10/10
  3808 | D:5      | Identified the +1 plate armour of Barnacled Amelioration
                  | {Regen+}
  4056 | D:4      | Noticed Pikel
  4199 | D:4      | Found a staircase to the Ecumenical Temple.
  4251 | D:5      | Killed Pikel
  4252 | D:5      | Reached skill level 6 in Stealth
  4252 | D:5      | Reached XP level 7. HP: 24/62 MP: 5/12
  4542 | D:4      | Reached XP level 8. HP: 69/69 MP: 10/14
  4576 | Temple   | Entered the Ecumenical Temple
  4756 | Temple   | Became a worshipper of Gozag Ym Sagoz the Greedy
  5976 | D:4      | Reached skill level 7 in Stealth
  6063 | D:4      | Learned a level 1 spell: Foxfire
  6684 | D:4      | Learned a level 4 spell: Olgreb's Toxic Radiance
  6688 | D:4      | Learned a level 3 spell: Mephitic Cloud
  7441 | D:5      | Reached skill level 1 in Conjurations
  7441 | D:5      | Reached skill level 1 in Fire Magic
  7521 | D:5      | Noticed Eustachio
  7535 | D:5      | Killed Eustachio
  7991 | D:5      | Found a runed translucent door.
  7992 | D:5      | Noticed Crazy Yiuf
  8448 | D:6      | Reached XP level 9. HP: 77/79 MP: 11/16
  8452 | D:6      | Reached skill level 8 in Stealth
  8917 | D:6      | Reached skill level 5 in Fighting
  8917 | D:6      | Reached skill level 5 in Spellcasting
 10131 | D:7      | Reached skill level 9 in Stealth
 10596 | D:7      | Slain by a slime creature

Illustrated notes

Levels and vault maps discovered:
D:1:      psy_arrival_terrarium, layout_loops_ring,
          minmay_misc_feat_secret_circle
D:2:      layout_rooms, basic_ecumenical_altar, basic_altar,
          minmay_quadrilaterals
D:3:      wad_crossroads, layout_loops_ring, minmay_snake_closets
D:4:      minmay_chambers_of_twos, layout_cave_pools, temple_pool_b, uniq_pikel
D:5:      layout_basic, uniq_crazy_yiuf_cottage, uniq_eustachio
D:6:      layout_loops_ring
D:7:      cheibrodos_fertilizer, layout_loops_cross,
          grunt_temple_overflow_cloverleaf, nicolae_elevator_lobby_asterisk
Temple:   eino_temple_rhombus

Skill      XL: |  1  2  3  4  5  6  7  8  9 |
---------------+----------------------------+-----
Fighting       | 1 2 3 4 5 |  5.4
Dodging        | 2 3 4 |  4.0
Stealth        | 4 5 6 7 9 |  9.1
Poison Magic   | 5 6 7 8 |  8.4
Spellcasting   | 3 4 5 |  5.4
Conjurations   | 2 |  2.0
Fire Magic     | 1 2 |  2.0
Transmutations | |  1.0

Action                   |  1- 3 |  4- 6 |  7- 9 || total
-------------------------+-------+-------+-------++-------
Melee: Unarmed           |    16 |    13 |       ||    29
       Staff             |       |     4 |       ||     4
       Whip              |       |       |    12 ||    12
       Flail             |       |       |    24 ||    24
 Cast: Sting             |    76 |    95 |   218 ||   389
       Poisonous Vapours |       |     8 |    50 ||    58
       Foxfire           |       |       |    43 ||    43
       Mephitic Cloud    |       |       |     2 ||     2
       Olgreb's Toxic Ra |       |       |     4 ||     4
 Abil: Spit Poison       |    10 |    12 |     8 ||    30
  Use: Scroll            |       |     3 |       ||     3
       Potion            |       |     3 |       ||     3
 Stab: Sleeping          |     1 |       |       ||     1
Armor: Robe              |    17 |    14 |    33 ||    64
       Skin              |       |     8 |       ||     8
Dodge: Dodged            |    43 |    29 |    99 ||   171

Table legend: (Time is in decaauts)
 A = Elapsed time spent in this place.
 B = Non-inter-level travel time spent in this place.
 C = Inter-level travel time spent in this place.
 D = Time resting spent in this place.
 E = Time spent auto-exploring this place.
 F = Levels seen in this place.
 G = Mean time per level.
                   A        B        C        D        E       F      G
               +--------+--------+--------+--------+--------+-----+--------+
         Total |  12497 |  12113 |    384 |   3340 |   6989 |   8 | 1562.1 |
       Dungeon |  12223 |  11895 |    328 |   3340 |   6789 |   7 | 1746.1 |
        Temple |    274 |    219 |     55 |      0 |    200 |   1 |  274.0 |
               +--------+--------+--------+--------+--------+-----+--------+

Top non-repeatable levels by time:
     D:3: 2681 daAuts
     D:5: 2311 daAuts
     D:6: 1900 daAuts
     D:2: 1819 daAuts
     D:4: 1399 daAuts
     D:1: 1292 daAuts
     D:7: 819 daAuts
  Temple: 274 daAuts
